 Dungeon Crawl Stone Soup version 0.32-a0-616-g9348d4545b (webtiles) character file.

Game seed: 8445165028592666806

5340 hotsoup the Spear-Bearer (level 10, -2/70 HPs)
             Began as a Human Wanderer on Mar 5, 2024.
             Slain by a troll (10 damage)
             ... on level 8 of the Dungeon.
             The game lasted 02:05:43 (9720 turns).

hotsoup the Spear-Bearer (Human Wanderer)           Turns: 9720, Time: 02:05:43

Health: -2/70      AC: 12    Str: 13    XL:     10   Next: 65%
Magic:  26/26      EV: 10    Int: 21    God:
Gold:   301        SH:  0    Dex: 12    Spells: 11/19 levels left

rFire   . . .        I - +11 spear of Disaster {venom, MP+9}
rCold   . . .        (no shield)
rNeg    . . .        J - +1 scale mail of Icoinewkou {Int+4}
rPois   .            t - +0 helmet
rElec   .            F - +0 cloak
rCorr   +            f - +0 pair of gloves
SInv    .            (no boots)
Will    .....        m - amulet of the acrobat Stlth
                     a - ring of resist corrosion
HPRegen 0.31/turn    (no ring)
MPRegen 0.20/turn

%: acrobat
@: no status effects
A: explore regen
a: no special abilities


You were on level 8 of the Dungeon.
You visited 3 branches of the dungeon, and saw 11 of its levels.
You also visited: Sewer.

You collected 301 gold pieces.

Inventory:

Hand Weapons
 E - a +0 dagger of speed
 I - the +11 spear of Disaster (weapon) {venom, MP+9}
   (You took it off an orc on level 3 of the Dungeon)

   MP+9:      It affects your magic capacity (+9).
Missiles
 r - 18 poisoned darts
 w - 2 throwing nets
 Q - 8 boomerangs
 U - 2 curare-tipped darts
Armour
 f - a +0 pair of gloves (worn)
 t - a +0 helmet (worn)
 F - a +0 cloak (worn)
 J - the +1 scale mail of Icoinewkou (worn) {Int+4}
   (You took it off an orc on level 3 of the Dungeon)

   Int+4:     It affects your intelligence (+4).
 M - a scarf of resistance
Jewellery
 a - a ring of resist corrosion (left hand)
 m - an amulet of the acrobat (around neck)
Wands
 i - a wand of iceblast (16)
 z - a wand of polymorph (5)
 R - a wand of paralysis (17)
Scrolls
 g - 2 scrolls of fog {unknown}
 h - 3 scrolls of revelation {unknown}
 p - a scroll of enchant weapon {unknown}
 x - 3 scrolls of poison {unknown}
 O - 3 scrolls of teleportation
 T - a scroll of blinking
Potions
 b - 3 potions of heal wounds
 d - 2 potions of mutation {unknown}
 e - 3 potions of haste {unknown}
 j - 3 potions of invisibility {unknown}
 n - 4 potions of might {unknown}
 o - a potion of lignification
 u - a potion of berserk rage
 B - a potion of magic
 N - 4 potions of curing {unknown}
 S - a potion of brilliance {unknown}
 X - a potion of ambrosia {unknown}


   Skills:
 + Level 3.4 Fighting
 - Level 1.2 Short Blades
 * Level 8.3 Polearms
 + Level 0.3 Throwing
 + Level 5.4 Armour
 + Level 4.0 Dodging
 + Level 1.2 Stealth
 - Level 5.0 Spellcasting
 + Level 6.8 Summonings
 + Level 0.3 Translocations
 + Level 2.7 Ice Magic
 + Level 2.5 Air Magic
 + Level 3.2 Earth Magic
 + Level 3.1 Alchemy
 + Level 1.3 Evocations


You had 11 spell levels left.
You knew the following spells:

 Your Spells              Type           Power      Damage    Failure   Level
a - Sandblast             Erth           36%        2d10      12%         1
b - Mercury Vapours       Alch/Air       34%        N/A       21%         2
c - Summon Ice Beast      Ice/Summ       25%        N/A       19%         3
d - Summon Small Mammal   Summ           100%       N/A       2%          1
e - Apportation           Tloc           12%        N/A       36%         1

Your spell library contained the following spells:

 Spells                   Type           Power      Damage    Failure   Level
 Sting                    Conj/Alch      44%        1d5       22%         1
 Cigotuvi's Dreadful Rot  Necr/Alch/Air  26%        N/A       30%         2
 Static Discharge         Conj/Air       20%        3-4/arc   36%         2
 Necrotise                Necr           20%        1d5       41%         1
 Summon Lightning Spire   Summ/Air       25%        N/A       54%         4
 Hailstorm                Conj/Ice       11%        3d6       58%         3
 Vampiric Draining        Necr           5%         2d6       78%         3
 Airstrike                Air            7%         2d(2-18)  83%         4
 Summon Forest            Summ/Tloc      10%        N/A       95%         5
 Summon Mana Viper        Hex/Summ       19%        N/A       96%         5
 Animate Dead             Necr           5%         N/A       99%         4
 Summon Cactus Giant      Summ           17%        N/A       99%         6
 Haunt                    Necr/Summ      9%         N/A       100%        7
 Infestation              Necr           2%         N/A       100%        8


Dungeon Overview and Level Annotations

Branches:
Dungeon (9/15)             Temple (1/1) D:7            Lair (1/5) D:8
  Sewer (visited)
    Orc: D:9-12

Altars:
Ashenzari
Cheibriados
Elyvilon
Fedhas
Gozag
Hepliaklqana
Kikubaaqudgha
Makhleb
Nemelex Xobeh
Okawaru
Qazlal
Ru
Sif Muna
Trog
Uskayaw
Xom
Yredelemnul
Zin
The Shining One
Beogh

Shops:
D:6 *

Annotations:
D:4 1 exclusion, Natasha
D:5 2 transporters, DeathSocks's ghost, novice CoAr


Innate Abilities, Weirdness & Mutations

You regain HP and MP as you explore.


Message History

The howler monkey closely misses you.
Okay, then.
As you read the scroll of fear, it crumbles to dust.
You assume a fearsome visage.
The kobold demonologist looks frightened!
The howler monkey looks frightened! x2
The two-headed ogre resists with almost no effort.
The wyvern looks frightened!
The nameless horror is unaffected.
A troll comes into view.
The two-headed ogre completely misses you. x2
The two-headed ogre hits you with a +0 dire flail.
The two-headed ogre hits you with a +0 giant spiked club!
The nameless horror completely misses you.
The troll barely misses you. The troll completely misses you.
The troll misses you.
The kobold demonologist seems to regain its courage.
The kobold demonologist casts a spell.
The troll attacks as it pursues you! The troll barely misses you.
The troll misses you. The troll completely misses you.
The nameless horror attacks as it pursues you!
The nameless horror completely misses you.
There is a stone staircase leading up, spattered with blood here.
The troll bites you!
The troll claws you but does no damage. x2
The nameless horror hits you but does no damage.
You climb upwards.
There is a stone staircase leading down here.
The troll attacks as it pursues you! The troll bites you. The troll misses you.
The troll completely misses you.
The nameless horror hits you but does no damage.
The troll attacks as it pursues you! The troll bites you!
The troll completely misses you. The troll closely misses you.
You closely miss the troll. The troll bites you but does no damage.
The troll claws you! The troll closely misses you.
Okay, then.
You hit the troll but do no damage.
The troll is poisoned.
The troll bites you!
* * * LOW HITPOINT WARNING * * *
The troll claws you!
* * * LOW HITPOINT WARNING * * *
The troll claws you!
You die...

########........#
#.....#.#
...######..#.####
#.###.#.#
##.#.........##### #.#
#...# #.#.###.........#
#.###.### #.#.#
#.#######.# #.....# #.#.#
#.### #.# ###.### #.#.#
#...# #.# #.# #.#.###.#.#
#.# #.# #....##...# #@#
#.# #.......###
#T#######.#
#....##)#######X......#.#
##.....#.........#####.#.#
.......#.###..#### #.#.#
##.........[.># #####.#.#
#.....#.###.## #.......#
#.....#.# #.# #.#.....#
####.###.# #.# #.......#


You could see a nameless horror and a troll (very poisoned).

Vanquished Creatures
  2 two-headed ogres (D:8)
  A troll (D:9)
  4 yaks (D:8)
  A steam dragon (D:8)
  The ghost of zenocrate the Digger, an amateur DrEE (D:3)
  2 black bears
  2 ice beasts
  A sky beast (D:7)
  4 ogres
  3 centaurs
  A phantom (D:4)
  A nameless horror (D:8)
  A kobold brigand (D:6)
  5 bullfrogs
  5 scorpions
  A howler monkey (D:5)
  5 hounds
  A jelly (D:5)
  2 bombardier beetles
  3 orc priests
  2 iguanas
  A sleepcap (D:7)
  6 orc wizards
  Robin (D:4)
  13 adders
  3 river rats
  2 ufetubi (D:7)
  A dart slug (D:7)
  24 orcs
  6 bats
  9 endoplasms
  A giant cockroach (D:1)
  16 goblins
  10 hobgoblins
  4 jackals
  2 quokkas (D:4)
  12 ball pythons
  18 kobolds
  32 rats
209 creatures vanquished.

Vanquished Creatures (collateral kills)
  An orc warrior (D:8)
  2 ogres
  A kobold brigand (D:6)
  A jelly (D:6)
  An iguana (D:6)
  2 orc wizards (D:7)
  2 orcs
  2 kobolds
12 creatures vanquished.

Grand Total: 221 creatures vanquished

Notes
Turn   | Place    | Note
-------+----------+-------------------------------------------
     0 | D:1      | hotsoup the Human Wanderer began the quest for the Orb.
     0 | D:1      | hotsoup set off with the following items: a +0 dagger, a
                  | potion of heal wounds, a +0 ring mail; and the following
                  | spell memorised: Sandblast; and the following spells
                  | available to memorise: Mercury Vapours, Cigotuvi's Dreadful
                  | Rot, Hailstorm, Summon Ice Beast, Vampiric Draining.
     0 | D:1      | Reached XP level 1. HP: 13/13 MP: 3/3
   286 | D:1      | Reached XP level 2. HP: 19/19 MP: 3/5
  1201 | D:2      | Learned a level 2 spell: Mercury Vapours
  1234 | D:2      | Reached XP level 3. HP: 24/24 MP: 3/6
  1849 | D:3      | Reached skill level 1 in Earth Magic
  2406 | D:3      | Reached XP level 4. HP: 24/30 MP: 6/8
  2530 | D:3      | Found a runed translucent gate.
  2531 | D:3      | Found a runed translucent gate.
  2531 | D:3      | Found a runed translucent gate.
  2531 | D:3      | Noticed zenocrate's ghost (amateur DrEE)
  2532 | D:3      | Identified the +11 spear of Disaster {venom, MP+9}
  2532 | D:3      | Identified the +1 scale mail of Icoinewkou {Int+4}
  2534 | D:3      | Found a roughly hewn altar of Beogh.
  2561 | D:4      | Noticed a phantom
  2707 | D:4      | Noticed Robin
  2806 | D:4      | Killed Robin
  2996 | D:4      | Reached skill level 1 in Air Magic
  3264 | D:3      | Reached XP level 5. HP: 22/35 MP: 2/9
  3388 | D:4      | Killed a phantom
  3393 | D:4      | Learned a level 3 spell: Summon Ice Beast
  3574 | D:4      | Reached XP level 6. HP: 38/42 MP: 8/11
  3640 | D:4      | Noticed a steam dragon
  3676 | D:4      | Reached skill level 1 in Ice Magic
  3798 | D:4      | Reached skill level 1 in Short Blades
  3798 | D:4      | Reached XP level 7. HP: 47/47 MP: 9/12
  3839 | D:4      | Noticed Natasha
  4295 | D:3      | Killed zenocrate's ghost
  4296 | D:3      | Reached skill level 1 in Fighting
  4588 | D:5      | Entered Level 5 of the Dungeon
  4588 | D:5      | Found a glowing drain.
  4601 | Sewer    | Entered a sewer
  4852 | Sewer    | Learned a level 1 spell: Summon Small Mammal
  4854 | Sewer    | Learned a level 1 spell: Apportation
  4969 | Sewer    | Reached skill level 1 in Polearms
  5162 | D:5      | Found a glowing silver altar of Zin.
  5189 | D:5      | Reached skill level 2 in Polearms
  5189 | D:5      | Reached XP level 8. HP: 54/54 MP: 14/14
  5534 | D:5      | Found a transporter.
  5586 | D:5      | Noticed DeathSocks's ghost (novice CoAr)
  5778 | D:5      | Reached skill level 3 in Polearms
  5948 | D:5      | Found a transporter.
  5997 | D:6      | Reached skill level 5 in Spellcasting
  6191 | D:6      | Reached skill level 4 in Polearms
  6321 | D:6      | Reached XP level 9. HP: 62/62 MP: 16/16
  6527 | D:6      | Found Tait's Assorted Antiques.
  6665 | D:6      | Reached skill level 5 in Polearms
  6898 | D:6      | Reached skill level 1 in Stealth
  7186 | D:7      | Reached skill level 6 in Polearms
  7342 | D:7      | Found a sacrificial altar of Ru.
  7417 | D:7      | Found a snail-covered altar of Cheibriados.
  7701 | D:7      | Found a staircase to the Ecumenical Temple.
  7761 | Temple   | Entered the Ecumenical Temple
  7800 | D:8      | Reached skill level 5 in Summonings
  7838 | D:8      | Reached skill level 7 in Polearms
  7963 | D:8      | Noticed a death yak
  7983 | D:8      | Reached XP level 10. HP: 47/70 MP: 16/17
  8366 | D:8      | Noticed a two-headed ogre
  8521 | D:8      | Found a staircase to the Lair.
  8637 | D:8      | Found an opulent altar of Gozag.
  8821 | D:8      | Found a shimmering blue altar of Sif Muna.
  8868 | D:8      | Killed a two-headed ogre
  8869 | D:8      | Reached skill level 5 in Armour
  8952 | D:8      | Noticed a two-headed ogre
  8991 | D:8      | Killed a two-headed ogre
  8992 | D:8      | Reached skill level 8 in Polearms
  9301 | Lair:1   | Entered Level 1 of the Lair of Beasts
  9704 | D:9      | Noticed a kobold demonologist
  9704 | D:9      | Noticed a two-headed ogre
  9720 | D:8      | Slain by a troll

Illustrated notes

Levels and vault maps discovered:
D:1:      lemuel_arrival_funnel, layout_basic, minmay_pentomino_o4
D:2:      layout_loops_ring
D:3:      layout_basic, serial_forest, infiniplex_forest_lined_room_2,
          infiniplex_forest_lined_4_way, infiniplex_forest_lined_1,
          infiniplex_forest_clump_tiny, infiniplex_forest_zigzag_1,
          infiniplex_forest_clump_diagonal, infiniplex_forest_clump_curved,
          biasface_ghost_orc_armoury
D:4:      minmay_clustersquares, layout_rooms, uniq_natasha, uniq_robin
D:5:      layout_gridville, mainiacjoe_overflow_boulevard,
          gammafunk_ghost_mausoleum, cheibrodos_sewer_entry_sluice
D:6:      layout_basic, serial_shops, nicolae_stop_n_shop_1
D:7:      layout_cave_pools, nicolae_ru_great_annihilating_truth,
          kennysheep_slug_shrine, minmay_temple_entry_enclosed_plants,
          minmay_misc_feat_more_columns, nicolae_the_louvre
D:8:      layout_loops_ring, lemuel_tele_altar, marbit_many_paths,
          dpeg_lair_monsters
D:9:      layout_big_octagon, amcnicky_altar_gilded, grunt_dithmenos_shadows,
          serial_rivers, chequers_serial_rivers_micro_a,
          chequers_serial_rivers_room_a, chequers_serial_rivers_room_b,
          chequers_serial_rivers_micro_e, minmay_statue_crystal_thing
Temple:   nicolae_temple_superstar
Lair:1:   layout_cave_pods, nicolae_quartered_pool_impasse,
          infiniplex_staircase_pool

Skill      XL: |  1  2  3  4  5  6  7  8  9 10 |
---------------+-------------------------------+-----
Earth Magic    | 1 2 3 |  3.2
Spellcasting   | 3 4 5 |  5.0
Air Magic      | 1 2 |  2.5
Summonings     | 2 3 5 6 |  6.8
Ice Magic      | 1 2 |  2.7
Short Blades   | 1 |  1.2
Fighting       | 1 2 3 |  3.4
Armour         | 3 4 5 |  5.4
Polearms       | 2 4 7 8 |  8.3
Dodging        | 3 4 |  4.0
Stealth        | 1 |  1.2
Alchemy        | 3 |  3.1
Throwing       | |  0.3
Translocations | |  0.3
Evocations     | |  1.3

Action                     |  1- 3 |  4- 6 |  7- 9 | 10-12 || total
---------------------------+-------+-------+-------+-------++-------
  Melee: Dagger            |    97 |   102 |    15 |       ||   214
         Spear             |       |       |   266 |    46 ||   312
  Throw: Stone             |       |    10 |     4 |       ||    14
         Dart              |       |     3 |     3 |       ||     6
   Cast: Sandblast         |    37 |    48 |    16 |       ||   101
         Mercury Vapours   |       |     9 |     8 |     1 ||    18
         Summon Small Mamm |       |       |    72 |    26 ||    98
         Summon Ice Beast  |       |       |     3 |     3 ||     6
         Apportation       |       |       |       |     2 ||     2
  Evoke: Wand              |       |     9 |     9 |       ||    18
    Use: Potion            |       |     1 |       |       ||     1
         Scroll            |       |       |     1 |    11 ||    12
   Stab: Distracted        |       |       |     1 |       ||     1
 Armour: Ring mail         |    28 |       |       |       ||    28
         Leather armour    |    46 |   102 |    11 |       ||   159
         Scale mail        |       |       |   165 |    53 ||   218
  Dodge: Dodged            |    57 |   127 |   191 |    63 ||   438

Table legend: (Time is in decaauts)
 A = Elapsed time spent in this place.
 B = Non-inter-level travel time spent in this place.
 C = Inter-level travel time spent in this place.
 D = Time resting spent in this place.
 E = Time spent auto-exploring this place.
 F = Levels seen in this place.
 G = Mean time per level.
                   A        B        C        D        E       F      G
               +--------+--------+--------+--------+--------+-----+--------+
         Total |   9784 |   8978 |    806 |    556 |   6192 |  12 |  815.3 |
       Dungeon |   9198 |   8398 |    800 |    556 |   5880 |   9 | 1022.0 |
        Temple |      1 |      1 |      0 |      0 |      0 |   1 |    1.0 |
          Lair |     26 |     20 |      6 |      0 |      0 |   1 |   26.0 |
         Sewer |    557 |    557 |      0 |      0 |    312 |   1 |  557.0 |
               +--------+--------+--------+--------+--------+-----+--------+

Top non-repeatable levels by time:
     D:3: 1546 daAuts
     D:8: 1475 daAuts
     D:4: 1297 daAuts
     D:7: 1093 daAuts
     D:6: 1089 daAuts
     D:1: 980 daAuts
     D:2: 932 daAuts
     D:5: 758 daAuts
   Sewer: 557 daAuts
  Lair:1: 26 daAuts
     D:9: 24 daAuts
  Temple: 1 daAuts
